 Dungeon Crawl Stone Soup version 0.27.1-2-g3b301248ec (webtiles) character file.

Game seed: 9766291626450298435

345 jfcaron the Magician (level 6, -2/40 HPs)
             Began as a Djinni Conjurer on Sept 26, 2021.
             Slain by Menkaure (17 damage)
             ... on level 3 of the Dungeon.
             The game lasted 00:08:38 (3612 turns).

jfcaron the Magician (Djinni Conjurer)              Turns: 3612, Time: 00:08:38

Health: -2/40      AC:  5    Str: 10    XL:     6   Next: 90%
Gold:   67         EV: 11    Int: 21    God:
                   SH:  0    Dex: 12

rFire    + + .     SeeInvis .   t - +0 dagger
rCold    x . .     Faith    .   (no shield)
rNeg     . . .     Spirit   .   s - +1 leather armour of the Miller {Str+4}
rPois    ∞         Reflect  .   (no helmet)
rElec    .         Harm     .   r - +0 cloak
rCorr    .         Rampage  .   (no gloves)
Will     .....                  (boots unavailable)
Stlth    ++........             (no amulet)
HPRegen  0.13/turn              (no ring)
MPRegen  0.00/turn              (no ring)

@: flying
A: sickness immunity, fire resistance 2, cold vulnerability 1, float, innate
caster, hp casting, extra vitality 1
a: no special abilities


You were on level 3 of the Dungeon.
You visited 1 branch of the dungeon, and saw 4 of its levels.

You collected 182 gold pieces.
You spent 115 gold pieces at shops.

Inventory:

Hand Weapons
 o - a +0 hand axe of flaming
 t - a +0 dagger (weapon)
Missiles
 c - 118 stones
 d - 55 bolts
 g - 28 poisoned darts
 k - 21 arrows
Armour
 a - a +0 robe
 r - a +0 cloak (worn)
 s - the +1 leather armour of the Miller (worn) {Str+4}
   (You found it on level 4 of the Dungeon)

   Str:       It affects your strength (+4).
Scrolls
 b - a scroll of magic mapping {unknown}
 h - a scroll of enchant armour {unknown}
 j - 2 scrolls of fear
 l - 2 scrolls of fog
 n - 3 scrolls of teleportation
 p - a scroll of amnesia {unknown}
Potions
 e - 2 potions of curing
 f - a potion of might {unknown}
 i - a potion of flight {unknown}
 m - 2 potions of invisibility
 q - 2 potions of mutation {unknown}


   Skills:
 - Level 2.3 Dodging
 - Level 1.7 Stealth
 + Level 5.9 Spellcasting


You couldn't memorise any spells.
You knew the following spells:

 Your Spells              Type           Power      Damage    Failure   Level
a - Magic Dart            Conj           100%       1d8       1%          1
b - Searing Ray           Conj           62%        3d5       1%          2
c - Dazzling Flash        Conj/Hex       62%        N/A       3%          3
d - Fulminant Prism       Conj/Hex       15%        3d11      12%         4
e - Iskenderun's Mystic   Conj/Tloc      31%        2d8       12%         4
f - Foxfire               Conj/Fire      100%       2x1d9     1%          1
g - Call Imp              Summ           31%        N/A       1%          2
Your spell library was empty.

Dungeon Overview and Level Annotations

Branches:
Dungeon (4/15)
 Temple: D:4-7

Altars:

Shops:
D:3 ?

Annotations:
D:3 2 runed translucent doors, Dillybarz's ghost, amateur HOMo; Menkaure


Innate Abilities, Weirdness & Mutations

You are immune to sickness and miasma.
You are immune to poison.
Your flesh is very heat resistant. (rF++)
You are vulnerable to cold. (rC-)
You float through the air rather than walking.
You learn spells naturally, not from books.
Your magical power is your life essence.
You have superior vitality. (+4 HP)


Message History

Unknown command.
Casting: Magic Dart (safe; 1% risk of failure)
Confirm with . or Enter, or press ? or * to list all spells.
You conjure some foxfire!
The adder hisses angrily.
Casting: Foxfire (safe; 1% risk of failure)
Confirm with . or Enter, or press ? or * to list all spells.
You conjure some foxfire!
The foxfire hits Menkaure but does no damage.
The foxfire hits Menkaure!
Menkaure is burned terribly!
Menkaure is moderately damaged.
The foxfire hits Menkaure.
Menkaure is burned terribly!
Menkaure is heavily damaged.
The foxfire hits Menkaure.
Menkaure is heavily damaged.
You fly upwards.
Level annotation: 2 runed translucent doors, Dillybarz's ghost, amateur HOMo
There is a stone staircase leading down here.
Unknown command.
Casting: Foxfire (safe; 1% risk of failure)
Confirm with . or Enter, or press ? or * to list all spells.
You conjure some foxfire!
The foxfire hits Menkaure.
Menkaure is severely damaged.
Casting: Foxfire (safe; 1% risk of failure)
Confirm with . or Enter, or press ? or * to list all spells.
You conjure some foxfire!
The foxfire hits Menkaure!
Menkaure is burned terribly!
Menkaure is almost destroyed.
Casting: Foxfire (safe; 1% risk of failure)
Confirm with . or Enter, or press ? or * to list all spells.
You conjure some foxfire!
The foxfire hits Menkaure but does no damage.
Menkaure is almost destroyed.
Menkaure misses you.
Casting: Foxfire (safe; 1% risk of failure)
Confirm with . or Enter, or press ? or * to list all spells.
You conjure some foxfire!
The foxfire hits Menkaure.
Menkaure is almost destroyed.
Menkaure hits you!
You die...

#.# #.### #...# ####
#.#.# ...# #.#.#
##.###########.#.#
...............#.#
##.##..#########.#
...............M@#
##.#...#..#.####v#####
##.#...#..#.#........##
##.#..<#.)#.##.#####..#
...#...#..#.##..# ##.#
######.#..#...#'#####.#
.......#..#####.....'.#
########......#.###.###
# #.#.######.# #.#


You could see Menkaure (ally target).

Vanquished Creatures
  An ogre (D:4)
  An orc priest (D:4)
  A bullfrog skeleton (D:4)
  Terence (D:3)
  An orc wizard (D:3)
  6 gnolls
  4 adders
  2 dart slugs
  6 orcs
  5 ball pythons
  8 endoplasms
  3 giant cockroaches
  3 goblins
  8 hobgoblins
  2 quokkas
  6 bats
  2 frilled lizards
  5 kobolds
  5 rats
  37 foxfires
107 creatures vanquished.

Notes
Turn   | Place    | Note
-------+----------+-------------------------------------------
     0 | D:1      | jfcaron the Djinni Conjurer began the quest for the Orb.
     0 | D:1      | Reached XP level 1. HP: 15/15 MP: 0/0
   248 | D:1      | Reached XP level 2. HP: 17/21 MP: 0/0
   385 | D:1      | Found a faded altar of an unknown god.
   701 | D:1      | Reached XP level 3. HP: 20/25 MP: 0/0
   701 | D:1      | Learned a level 1 spell: Foxfire
  1071 | D:2      | Reached skill level 4 in Spellcasting
  1081 | D:2      | Reached XP level 4. HP: 11/31 MP: 0/0
  1931 | D:3      | Found Zeiqun's Magic Scroll Shop.
  1949 | D:3      | Bought a scroll of noise for 10 gold pieces
  1949 | D:3      | Bought a scroll of teleportation for 30 gold pieces
  1949 | D:3      | Bought a scroll of fog for 20 gold pieces
  1949 | D:3      | Bought a scroll of fear for 35 gold pieces
  1949 | D:3      | Bought a scroll of identify for 20 gold pieces
  1982 | D:3      | Reached XP level 5. HP: 23/35 MP: 0/0
  1982 | D:3      | Learned a level 2 spell: Call Imp
  2128 | D:3      | Reached skill level 5 in Spellcasting
  2752 | D:3      | Noticed Terence
  2764 | D:3      | Killed Terence
  2765 | D:3      | Reached XP level 6. HP: 16/40 MP: 0/0
  2966 | D:3      | Found a large runed translucent door.
  2966 | D:3      | Found a large runed translucent door.
  2968 | D:3      | Noticed Dillybarz's ghost (amateur HOMo)
  3196 | D:4      | Identified the +1 leather armour of the Miller {Str+4}
  3202 | D:4      | Noticed an ogre
  3209 | D:4      | Killed an ogre
  3601 | D:4      | Noticed Menkaure
  3612 | D:3      | Slain by Menkaure

Illustrated notes

Levels and vault maps discovered:
D:1:      lightli_arrival_statuegarden, layout_basic,
          shapermc_ecumenical_altar_pompeii
D:2:      layout_loops_ring
D:3:      layout_basic, ebering_ghost_disaster_area, serial_shops, shop_coins,
          minmay_misc_feat_encased, uniq_terence
D:4:      layout_basic, uniq_menkaure, uniq_blork_the_orc

Skill      XL: |  1  2  3  4  5 |
---------------+----------------+-----
Spellcasting   | 4 5 |  5.9
Dodging        | |  2.3
Stealth        | |  1.7

Action                   |  1- 3 |  4- 6 || total
-------------------------+-------+-------++-------
Melee: Unarmed           |     5 |       ||     5
       Whip              |       |     3 ||     3
 Cast: Magic Dart        |    47 |    67 ||   114
       Foxfire           |     5 |    20 ||    25
       Searing Ray       |     3 |    12 ||    15
       Dazzling Flash    |       |     1 ||     1
       Call Imp          |       |     5 ||     5
  Use: Scroll            |       |     2 ||     2
Armor: Robe              |     3 |     1 ||     4
Dodge: Dodged            |     6 |     9 ||    15
